Map: Fields of Death

Players

MattBarry - Winner!

  • Race: Terran Terran
  • Spawn Location: 12:00

MattBarry - Winner!

  • Race: Zerg Zerg
  • Spawn Location: 12:00

SwordStorm

  • Race: Zerg Zerg
  • League: Silver
  • Spawn Location: 7:00

Asoaro

  • Race: Terran Terran
  • League: Gold
  • Spawn Location: 6:00

VOD

Have the link to the VOD?

Description

Time

  • Played on: Dec. 25, 2022, 7:59 p.m.
  • Length: 19:45
Show
View Real Time Build Order
Export as new Build Order

MattBarry Terran - Winner!

Build Orders: 2 Factory, Mech 

Get SALT Encoding   

  12  0:01  SCV  
  13  0:13  SCV  
  14  0:18  Supply Depot  
  14  0:25  SCV  
  15  0:40  Barracks, SCV  
  16  0:44  Refinery  
  16  0:52  SCV  
  17  1:04  SCV  
  18  1:16  SCV  
  19  1:28  Supply Depot, SCV  
  19  1:29  Marine  
  21  1:43  Orbital Command  
  21  1:49  Barracks Tech Lab  
  21  1:55  Command Center  
  21  2:08  Marine  
  21  2:10  SCV  
  23  2:16  Factory  
  23  2:22  SCV  
  24  2:34  SCV  
  24  2:35  Barracks Reactor, Refinery  
  25  2:41  Supply Depot  
  25  2:46  SCV  
  26  3:00  SCV  
  29  3:06  Widow Mine  
  29  3:09  Factory  
  29  3:15  SCV  
  29  3:37  Orbital Command, SCV  
  30  3:49  SCV  
  31  3:56  Hellion x2  
  31  3:59  Siege Tank  
  38  4:04  Supply Depot  
  38  4:07  Barracks Reactor  
  38  4:08  Starport  
  40  4:10  SCV x2  
  40  4:17  Hellion x2  
  44  4:24  SCV x2  
  44  4:27  Supply Depot  
  44  4:29  Engineering Bay  
  46  4:34  Siege Tank  
  46  4:36  SCV x2  
  51  4:49  SCV x2  
  53  4:55  Refinery x2  
  53  4:57  Supply Depot  
  53  5:01  SCV x2  
  53  5:06  Hellion x2  
  59  5:07  Siege Tank  
  59  5:13  SCV x2  
  64  5:28  Viking x2  
  64  5:34  SCV x2  
  70  5:41  Hellion x2  
  62  5:46  Hellion  
  62  5:49  Infernal Pre-Igniter  
  64  5:55  SCV x2  
  66  6:00  Supply Depot  
  66  6:01  Viking x2  
  70  6:10  Armory, Hellion x2  
  70  6:11  Hellion  
  76  6:15  SCV x2  
  76  6:16  Factory  
  78  6:22  Supply Depot  
  78  6:27  SCV  
  78  6:28  SCV  
  81  6:40  SCV x2  
  80  6:51  Siege Tank  
  80  6:52  SCV x2, Hellion x2  
  86  7:02  Factory Tech Lab  
  86  7:05  Command Center  
  86  7:08  SCV x2  
  86  7:15  Supply Depot x2  
  88  7:16  Liberator x2  
  94  7:26  Siege Tank x2  
  94  7:28  SCV x2  
  102  7:37  Supply Depot  
  102  7:38  Supply Depot  
  103  7:51  SCV x2  
  104  7:59  Viking x2  
  104  8:00  Terran Ship Weapons Level 1  
  104  8:03  SCV  
  104  8:04  Hellion x3  
  104  8:05  Hellion  
  117  8:07  SCV  
  118  8:15  SCV  
  118  8:16  Supply Depot x2  
  118  8:18  Supply Depot  
  118  8:19  SCV  
  120  8:27  SCV  
  120  8:31  SCV  
  122  8:34  Viking x2  
  122  8:39  SCV  
  127  8:49  Hellion x2  
  127  8:50  Hellion x2  
  135  8:56  SCV x2  
  135  8:59  Orbital Command  
  137  9:04  Viking x2  
  137  9:08  SCV x2  
  143  9:12  Thor  
  143  9:15  Thor  
  155  9:21  Supply Depot  
  155  9:25  Command Center  
  155  9:32  Refinery  
  155  9:33  Refinery  
  155  9:34  Viking x2  
  155  9:37  Missile Turret  
  144  10:00  SCV x3  
  144  10:05  Refinery  
  147  10:09  Missile Turret  
  147  10:12  SCV x3  
  150  10:16  Thor x2  
  150  10:18  Hellion x2  
  166  10:24  SCV x3  
  169  10:33  Refinery  
  118  10:57  Viking  
  118  10:58  Viking  
  118  10:59  Thor  
  118  11:00  Thor  
  118  11:02  Hellion x2  
  118  11:27  Viking  
  118  11:28  Viking  
  117  11:42  Thor  
  117  11:45  Thor  
  126  11:49  Factory  
  123  12:01  Hellion x2  
  127  12:09  SCV x3  
  130  12:21  SCV x3  
  133  12:24  Thor  
  133  12:28  Thor  
  143  12:33  Viking x2  
  147  13:01  Terran Vehicle Weapons Level 1  
  147  13:06  Armory  
  147  13:07  Thor  
  147  13:09  Refinery  
  147  13:10  Refinery  
  147  13:11  Thor, SCV x3  
  147  13:12  Command Center  
  163  13:14  Planetary Fortress  
  162  13:21  Viking x2  
  141  13:35  Hellion x2  
  141  13:50  Thor  
  141  13:51  Viking x2  
  141  13:53  Thor, Terran Vehicle And Ship Armor Level 1  
  141  13:55  Factory Tech Lab  
  157  13:59  Factory  
  157  14:03  Missile Turret x2  
  161  14:10  Hellion x2  
  161  14:27  Thor  
  167  14:33  Thor  
  167  14:36  Thor  
  133  15:37  Thor x2  
  133  15:38  Thor  
  133  15:39  Factory Tech Lab  
  133  15:40  Hellion x2  
  155  15:47  Viking x2  
  159  15:50  Terran Vehicle Weapons Level 2  
  159  15:53  Terran Vehicle And Ship Armor Level 2  
  141  16:12  Thor  
  141  16:14  Hellion x2  
  141  16:17  Viking x2  
  155  16:20  Thor  
  155  16:33  Thor x2  
  169  16:40  Hellion x2  
  171  16:47  Viking  
  173  16:55  Hellion  
  177  17:01  Hellion x2  
  177  17:04  Hellion  
  181  17:16  Hellion x3  
  189  17:23  Hellion x2  
  189  17:24  Thor, Planetary Fortress  
  189  17:28  Refinery  
  197  17:32  Refinery  
  197  17:38  Hellion  
  146  18:40  Thor x4  
  158  18:43  Viking x2  
  156  18:56  SCV  
  156  18:57  SCV x4  
  155  19:09  SCV x5  
  158  19:13  Viking  
Show
View Real Time Build Order
Export as new Build Order

MattBarry Zerg - Winner!

Build Orders: Hatch First, Brood Lord Corruptor 

Get SALT Encoding   

  12  0:00  Drone  
  13  0:09  Drone  
  14  0:29  Overlord  
  14  0:32  Extractor  
  13  0:35  Overlord  
  13  0:36  Extractor  
  13  0:37  Drone  
  13  0:43  Drone  
  16  1:07  Drone  
  16  1:08  Drone  
  18  1:15  Hatchery  
  17  1:24  Drone x2  
  19  1:32  Spawning Pool  
  18  1:48  Extractor  
  18  1:50  Drone x2  
  19  2:06  Drone  
  19  2:08  Drone  
  21  2:19  Queen  
  21  2:21  Zergling x2  
  24  2:32  Zergling x2  
  25  2:47  Queen  
  27  2:54  Hatchery  
  26  3:02  Metabolic Boost  
  26  3:15  Drone x2  
  26  3:16  Drone x3  
  26  3:17  Drone  
  32  3:46  Drone  
  32  3:47  Drone, Overlord  
  32  3:48  Drone  
  35  3:57  Drone  
  35  3:58  Overlord  
  36  4:03  Extractor  
  36  4:06  Queen, Lair  
  37  4:15  Roach Warren  
  36  4:18  Evolution Chamber  
  36  4:20  Zergling x6  
  36  4:21  Zergling x2  
  36  4:23  Drone x3  
  36  4:24  Drone  
  42  4:53  Zerg Melee Weapons Level 1  
  42  4:56  Drone  
  42  4:57  Drone x5  
  42  4:58  Drone x3  
  49  5:22  Zergling x2  
  49  5:23  Zergling x10  
  52  5:46  Glial Reconstitution  
  52  5:48  Roach x3  
  52  5:49  Overlord x2  
  58  6:09  Extractor  
  57  6:17  Evolution Chamber  
  56  6:27  Spire  
  55  6:34  Drone x5  
  55  6:35  Drone x6  
  66  6:43  Overseer  
  66  7:04  Drone  
  66  7:05  Tunneling Claws, Drone x3, Overlord x3  
  70  7:11  Extractor  
  69  7:23  Spore Crawler  
  69  7:25  Spore Crawler  
  61  7:41  Overlord x2  
  59  7:44  Corruptor x3  
  65  8:15  Spore Crawler  
  65  8:18  Hatchery  
  63  8:22  Infestation Pit  
  62  8:41  Corruptor x4  
  62  8:44  Queen  
  72  8:50  Queen  
  73  9:20  Queen  
  75  9:26  Queen  
  75  9:27  Overlord x2  
  75  9:28  Corruptor x4, Overlord  
  75  9:29  Corruptor  
  79  9:56  Pneumatized Carapace  
  78  10:01  Hive  
  78  10:04  Drone x2  
  78  10:05  Drone x8  
  78  10:06  Drone x2  
  90  10:11  Extractor  
  90  10:13  Extractor  
  88  10:19  Zergling x2  
  88  10:20  Zergling x14  
  88  10:21  Zergling x4  
  98  10:28  Overseer  
  98  10:31  Queen  
  100  10:41  Overlord x2  
  100  10:42  Overlord  
  100  10:43  Corruptor x2  
  100  10:44  Zergling x8  
  100  10:45  Zergling x6  
  107  11:07  Queen  
  104  11:13  Corruptor  
  104  11:14  Corruptor x3  
  90  11:57  Spore Crawler  
  90  11:59  Spore Crawler  
  90  12:01  Spore Crawler  
  87  12:03  Queen  
  87  12:07  Drone x4  
  87  12:08  Drone x6  
  97  12:09  Drone x4  
  97  12:10  Drone  
  104  12:21  Greater Spire  
  104  12:39  Queen  
  104  12:43  Hatchery  
  105  12:51  Zerg Ground Armor Level 1  
  105  13:21  Extractor  
  105  13:24  Extractor  
  103  13:50  Evolution Chamber  
  103  13:52  Adrenal Glands  
  102  14:09  Brood Lord x5  
  122  14:10  Brood Lord x8  
  128  14:19  Overlord x4  
  128  14:21  Zergling x18  
  128  14:22  Zergling x6  
  71  15:32  Zergling x2  
  71  15:33  Zergling x58  
  71  15:34  Zergling x10  
  98  16:12  Zerg Melee Weapons Level 2  
  94  16:38  Overseer  
  94  16:39  Overseer  
  94  16:47  Corruptor x5  
  94  16:48  Corruptor x4  
  94  16:49  Corruptor x3  
  94  16:50  Drone  
  94  16:51  Drone x3, Overlord x3  
  94  16:52  Overlord x2  
  122  16:57  Queen  
  124  17:33  Queen  
  127  17:37  Zergling x22  
  127  17:38  Zergling x18  
  119  18:20  Queen  
  119  18:21  Spine Crawler  
  119  18:25  Drone  
  119  18:26  Drone x7  
  119  18:27  Drone x4  
  129  18:32  Corruptor x6  
  144  18:56  Queen  
  123  19:34  Hatchery  
Show
View Real Time Build Order
Export as new Build Order

SwordStorm Zerg 

Build Orders: Hatch First 

Get SALT Encoding   

  12  0:00  Drone  
  13  0:12  Overlord  
  13  0:17  Drone  
  14  0:49  Drone  
  15  0:50  Drone  
  15  0:55  Drone  
  17  0:59  Hatchery  
  17  1:02  Drone  
  17  1:15  Spawning Pool  
  17  1:17  Drone  
  17  1:22  Extractor  
  16  1:25  Drone  
  17  1:41  Drone  
  18  1:49  Evolution Chamber  
  18  1:52  Drone, Extractor  
  17  1:59  Drone  
  18  2:04  Queen  
  20  2:10  Queen  
  20  2:11  Drone  
  20  2:13  Zergling x2  
  24  2:21  Metabolic Boost  
  24  2:23  Zergling x2  
  24  2:28  Drone  
  26  2:34  Drone  
  27  2:42  Zergling x2  
  27  2:44  Overlord  
  28  2:55  Zerg Melee Weapons Level 1  
  28  2:59  Overlord  
  28  3:03  Drone  
  28  3:04  Drone  
  30  3:13  Zergling x4  
  32  3:27  Drone x2  
  32  3:28  Drone  
  32  3:29  Drone  
  32  3:30  Drone  
  32  3:31  Zergling x4  
  39  3:39  Zergling x2  
  39  3:40  Zergling x4  
  42  3:48  Zergling x4  
  42  3:52  Overlord  
  44  4:09  Overlord  
  44  4:12  Zergling x6  
  44  4:14  Zergling x10  
  52  4:24  Baneling Nest  
  52  4:30  Zergling x4  
  53  4:35  Zergling x2  
  53  4:37  Zergling x2  
  53  4:38  Zergling x4  
  57  4:40  Overlord  
  57  4:51  Zergling x4  
  57  4:52  Zerg Ground Armor Level 1  
  59  5:11  Lair  
  59  5:17  Roach Warren  
  57  5:26  Hatchery  
  44  6:17  Hatchery  
  43  6:22  Hatchery, Spire  
  43  6:25  Infestation Pit  
  24  6:53  Roach x4  
  28  7:00  Roach  
  28  7:01  Roach x2  
  34  7:18  Zergling x2  
  35  7:27  Drone  
  35  7:28  Drone  
  37  7:36  Roach  
  39  7:40  Drone  
  40  7:44  Drone  
  41  7:54  Drone  
  41  7:56  Drone  
  43  8:01  Drone  
  43  8:03  Drone  
  45  8:08  Drone  
  46  8:13  Drone  
  46  8:15  Drone  
  48  8:31  Drone x3  
  48  8:33  Drone x3  
  54  8:35  Drone x2  
  54  8:38  Drone  
  54  8:40  Drone  
  58  8:42  Drone  
  58  8:45  Drone  
  58  8:47  Drone  
  61  8:52  Drone x2  
  61  8:53  Drone  
  61  8:54  Drone  
  65  8:59  Drone  
  65  9:01  Drone x2  
  68  9:04  Drone  
  68  9:06  Drone x2  
  71  9:15  Drone  
  72  9:17  Drone  
  73  9:26  Drone  
  74  9:34  Queen  
  74  9:36  Queen  
  74  9:37  Queen  
  80  9:50  Overlord x3  
  80  9:51  Overlord x2  
  80  10:09  Hydralisk Den  
  80  10:14  Hive  
  79  10:31  Extractor  
  79  10:32  Extractor  
  79  10:34  Extractor x2  
  75  10:38  Drone x3  
  75  10:41  Corruptor x11  
  75  10:42  Corruptor  
  95  11:16  Burrow  
  96  11:44  Swarm Host  
  114  11:55  Overlord x3  
  114  12:43  Zergling x2  
  115  12:44  Zergling x30  
  115  12:45  Zergling x4  
  115  12:50  Zerg Ground Armor Level 2  
  132  12:57  Evolution Chamber  
  131  13:01  Muscular Augments  
  131  13:05  Greater Spire  
  106  13:41  Zergling x26  
  107  13:42  Zergling x14  
  126  14:01  Zergling x12  
  132  14:16  Zergling x10  
  137  14:18  Overlord x2  
  137  14:19  Overlord x3  
  122  14:43  Zergling x2  
  122  14:44  Zergling x18  
  113  14:52  Zergling x14  
  94  15:16  Corruptor x6  
  94  15:17  Corruptor  
  94  15:20  Zergling x2  
  104  15:32  Zergling x2  
  104  15:33  Zergling x8  
  104  15:34  Zergling x2  
  103  15:37  Drone  
  103  15:39  Drone  
  93  16:34  Zergling x2  
  93  16:35  Zergling x34  
  93  16:37  Zerg Ground Armor Level 3  
  111  17:05  Hatchery  
  110  17:13  Hatchery  
  109  17:26  Zergling x24  
  120  17:48  Zergling x4  
  120  17:49  Zergling x12  
  106  18:12  Zergling x2  
  106  18:14  Zergling x2  
  96  18:30  Zergling x2  
  96  18:31  Zergling x14  
  84  18:46  Zergling x6  
  84  18:47  Zergling x2  
  79  19:15  Zergling x16  
  84  19:21  Zergling x2  
Show
View Real Time Build Order
Export as new Build Order

Asoaro Terran 

Build Orders:  

Get SALT Encoding   

  12  0:00  SCV  
  13  0:13  Supply Depot  
  13  0:17  SCV  
  14  0:29  SCV  
  15  0:37  Barracks  
  15  0:41  SCV  
  16  0:53  SCV  
  17  1:06  SCV  
  18  1:18  Command Center  
  19  1:26  Marine  
  19  1:31  Orbital Command  
  19  1:39  Supply Depot  
  19  1:44  Marine  
  20  1:50  Refinery  
  20  1:59  SCV  
  21  2:07  Marine  
  22  2:11  SCV  
  23  2:21  Refinery  
  23  2:25  Marine  
  23  2:29  Command Center  
  24  2:38  SCV x2  
  24  2:43  Marine  
  27  2:50  Factory  
  27  2:53  SCV x2  
  27  2:57  Refinery  
  29  3:05  SCV x2  
  31  3:11  Marine  
  32  3:20  SCV x2  
  34  3:32  SCV x2  
  36  3:34  Factory Tech Lab  
  36  3:37  Starport  
  36  3:46  SCV x2  
  36  3:48  Marine  
  39  3:52  Armory  
  39  3:55  Armory  
  39  3:58  SCV x2  
  41  4:03  SCV  
  42  4:10  SCV x2  
  42  4:15  SCV  
  45  4:17  Fusion Core  
  45  4:28  Factory Tech Lab  
  45  4:38  Refinery  
  45  4:39  Refinery  
  45  4:48  Refinery  
  45  4:52  Terran Vehicle And Ship Armor Level 1  
  45  4:53  Terran Ship Weapons Level 1  
  45  5:07  Starport  
  45  5:25  Factory Tech Lab  
  45  5:33  Starport  
  45  5:36  SCV  
  46  5:48  SCV  
  47  5:54  SCV  
  48  5:59  Battlecruiser x2  
  48  6:00  SCV  
  61  6:13  Starport  
  61  6:14  Starport Tech Lab  
  61  6:19  Factory Reactor  
  61  6:26  Supply Depot, Marine  
  61  6:27  SCV x2  
  64  6:33  Supply Depot  
  64  6:35  Engineering Bay  
  64  6:39  SCV x2  
  66  6:44  Marine  
  66  6:47  Terran Vehicle And Ship Armor Level 2, Terran Ship Weapons Level 2  
  67  6:51  SCV  
  67  6:53  Supply Depot  
  68  7:00  Battlecruiser  
  74  7:02  Weapon Refit  
  74  7:10  Missile Turret  
  74  7:13  Missile Turret  
  74  7:14  Missile Turret  
  74  7:16  Supply Depot  
  68  7:48  Battlecruiser x2  
  80  7:53  Planetary Fortress  
  80  8:00  SCV  
  81  8:12  SCV  
  82  8:15  Neosteel Armor  
  82  8:20  Battlecruiser  
  82  8:24  SCV  
  89  8:32  SCV  
  90  8:36  Planetary Fortress  
  90  8:44  SCV  
  91  8:56  SCV  
  92  9:10  Battlecruiser  
  92  9:14  Widow Mine  
  100  9:26  Supply Depot  
  100  9:28  Supply Depot  
  100  9:29  Supply Depot  
  100  9:30  Missile Turret x2  
  100  9:32  Missile Turret  
  100  9:34  Supply Depot  
  100  9:48  Battlecruiser  
  100  9:50  Battlecruiser  
  112  10:15  Terran Ship Weapons Level 3, Terran Vehicle And Ship Armor Level 3  
  73  11:29  Factory  
  61  11:53  Factory  
  61  11:57  Factory  
  61  12:05  Thor  
  67  12:12  Terran Infantry Weapons Level 1  
  67  12:25  Barracks  
  67  12:26  Barracks  
  67  12:29  Barracks  
  67  12:32  Barracks  
  67  12:34  Barracks  
  67  12:35  Barracks  
  67  12:46  Engineering Bay  
  67  12:47  Command Center  
  67  12:50  Missile Turret  
  67  12:51  Thor x2  
  67  12:52  Thor x2  
  91  13:04  Smart Servos  
  91  13:19  Terran Vehicle Weapons Level 1  
  91  13:23  Viking x4  
  99  13:34  Marine x7, Thor  
  112  13:51  Marine  
  112  13:52  Marine x5  
  112  13:53  Barracks Tech Lab  
  118  14:09  Marine x3  
  119  14:10  Marine x3  
  119  14:11  Thor  
  119  14:12  Thor x2  
  142  14:17  Supply Depot, Thor  
  148  14:24  Refinery  
  148  14:27  Marine x3  
  148  14:28  Marine x3  
  154  14:40  Marine  
  154  14:42  Thor x8, Combat Shield  
  154  14:43  Refinery  
  154  14:45  Marine x4  
  157  14:46  Marine  
  137  14:58  Marine  
  116  15:16  Marine  
  110  15:28  Barracks Reactor  
  110  15:29  Barracks Reactor x4  
  110  15:30  Barracks Reactor  
  110  15:34  Marine  
  92  16:01  Stimpack  
  92  16:02  Liberator x3  
  92  16:03  Thor  
  92  16:04  Thor x3  
  83  16:30  Terran Infantry Weapons Level 2  
  83  16:32  Terran Infantry Armor Level 1, Terran Vehicle Weapons Level 2  
  83  16:35  Marine x8  
  83  16:36  Marine  
  83  16:38  Marine  
  93  16:41  Marine  
  93  16:44  Marine  
  93  16:46  Thor  
  101  16:51  Marauder  
  103  16:58  Advanced Ballistics  
  103  17:08  Liberator  
  106  17:26  Marine x6  
  106  17:27  Marine  
  101  18:15  Marine x5  
  101  18:16  Marine x7  
  101  18:17  Marine  
  69  18:33  Marine x2  
  72  18:36  Marine x2  
  52  19:02  Liberator  
Tags
 
Add a new tag
Caveats
  • Supply blocks, unpowered buildings, or Contaminate may cause inaccurate times.
  • Supply counts are checked every 10 seconds.